 Dungeon Crawl Stone Soup version 0.26-a0-854-gdc81c2f471 (webtiles) character file.

Game seed: 10050381173373871237

4680 Lemonice the Covert (level 10, 0/82 HPs)
             Began as a Gnoll Delver on Nov 24, 2020.
             Was a High Priest of Ru.
             Slain by Snorg (7 damage)
             ... on level 10 of the Dungeon.
             The game lasted 00:28:58 (11115 turns).

Lemonice the Covert (Gnoll Delver)                 Turns: 11115, Time: 00:28:59

Health: 0/82       AC: 11    Str: 23    XL:     10   Next: 44%
Magic:  17/17      EV: 17    Int: 12    God:    Ru [*****.]
Gold:   894        SH:  6    Dex: 21    Spells: 17/19 levels left

rFire    + . .     SeeInvis .   x - +1 whip of Byohipn {venom, rElec rF+ rN+ Dex+3}
rCold    . . .     Faith    .   i - +0 buckler
rNeg     + . .     Spirit   .   n - +0 leather armour {MR+}
rPois    .         Reflect  .   (no helmet)
rElec    +         Harm     .   p - +0 cloak
rCorr    .         Rampage  .   j - +1 pair of gloves
MR       .....                  I - +0 pair of boots
Stlth    +++++.....             (no amulet)
HPRegen  0.23/turn              L - +6 ring of strength
MPRegen  0.15/turn              E - +4 ring of protection

@: lethally poisoned (0 -> -15), exhausted, slowed, lightly drained, very slow
A: distributed training, fangs 1, inability to use devices, inability to train
armour, magic vulnerability 1, strong nose
a: Draw Out Power, Power Leap, Apocalypse, Renounce Religion


You were on level 10 of the Dungeon.
You worshipped Ru.
Ru was extremely pleased with you.
You visited 2 branches of the dungeon, and saw 11 of its levels.
You also visited: Bailey.

You collected 972 gold pieces.
You spent 78 gold pieces at shops.

Inventory:

Hand Weapons
 a - a +0 spear
 q - a +0 trident
 t - a +2 dagger of venom
 x - the +1 whip of Byohipn (weapon) {venom, rElec rF+ rN+ Dex+3}
   (You found it on level 8 of the Dungeon)

   It poisons the flesh of those it strikes.
   It affects your dexterity (+3).
   It protects you from fire.
   It insulates you from electricity.
   It protects you from negative energy.
 D - a +2 spear of venom
 H - a +4 quick blade
 M - the +5 glaive "Coaptoib" {drain, rC+}
   (You took it off a gnoll shaman in a bailey)

   A truly terrible weapon, it drains the life of those it strikes.
   It protects you from cold.
 N - a +2 vorpal hand crossbow
Missiles
 m - 12 throwing nets
 s - 16 boomerangs (quivered)
 P - 16 arrows
Armour
 b - a +0 leather armour
 i - a +0 buckler (worn)
 j - a +1 pair of gloves (worn)
 k - a +0 ring mail
 n - a +0 leather armour of magic resistance (worn)
 p - a +0 cloak (worn)
 I - a +0 pair of boots (worn)
Jewellery
 o - an uncursed ring of wizardry
 r - a +4 ring of protection
 v - an uncursed ring of protection from fire
 C - an uncursed ring of ice
 E - a +4 ring of protection (right hand)
 L - a +6 ring of strength (left hand)
 O - an uncursed ring of stealth {unknown}
Scrolls
 c - 4 scrolls of fog
 d - 3 scrolls of magic mapping
 e - 2 scrolls of fear
 g - 11 scrolls of identify
 u - a scroll of enchant weapon
 w - a scroll of blinking
 y - 4 scrolls of amnesia
 F - a scroll of holy word
 G - 5 scrolls of remove curse
Potions
 f - a potion of haste
 h - 7 potions of curing
 l - a potion of resistance
 z - 3 potions of attraction
 A - a potion of lignification
 B - a potion of magic
 J - 2 potions of brilliance
 K - 2 potions of flight


   Skills:
 + Level 8.5(8.1) Fighting
 + Level 5.3(4.9) Short Blades
 + Level 5.3(4.9) Long Blades
 + Level 5.3(4.9) Axes
 + Level 5.3(4.9) Maces & Flails
 + Level 7.1(6.7) Polearms
 + Level 5.3(4.9) Staves
 + Level 5.3(4.9) Slings
 + Level 5.3(4.9) Bows
 + Level 5.3(4.9) Crossbows
 + Level 5.3(4.9) Throwing
   Level 0.0 Armour
 + Level 7.1(6.7) Dodging
 + Level 10.8(10.4) Stealth
 + Level 5.3(4.9) Shields
 + Level 5.3(4.9) Unarmed Combat
 + Level 5.3(4.9) Spellcasting
 + Level 4.3(4.0) Conjurations
 + Level 4.3(4.0) Hexes
 + Level 4.3(4.0) Summonings
 + Level 4.3(4.0) Necromancy
 + Level 4.3(4.0) Translocations
 + Level 4.3(4.0) Transmutations
 + Level 4.3(4.0) Fire Magic
 + Level 4.3(4.0) Ice Magic
 + Level 4.3(4.0) Air Magic
 + Level 4.3(4.0) Earth Magic
 + Level 4.3(4.0) Poison Magic
 + Level 5.8(5.4) Invocations
   Level 0.0 Evocations


You had 17 spell levels left.
You knew the following spells:

 Your Spells              Type           Power        Failure   Level
a - Animate Skeleton      Necr           ##....       4%          1
b - Corona                Hex            ##.....      4%          1

Your spell library contained the following spells:

 Spells                   Type           Power        Failure   Level
 Apportation              Tloc           ##....       4%          1
 Summon Small Mammal      Summ           ##..         4%          1
 Call Imp                 Summ           ##......     7%          2
 Call Canine Familiar     Summ           ##......     13%         3
 Summon Guardian Golem    Hex/Summ       ##......     13%         3
 Summon Ice Beast         Ice/Summ       ##......     41%         4
 Summon Lightning Spire   Summ/Air       ##......     41%         4


Dungeon Overview and Level Annotations

Branches:
Dungeon (10/15)            Temple (1/1) D:5          Bailey (visited)
   Lair: D:8-11         Orc: D:9-12

Altars:
Ashenzari
Cheibriados
Dithmenos
Elyvilon
Fedhas
Gozag
Hepliaklqana
Kikubaaqudgha
Makhleb
Nemelex Xobeh
Okawaru
Qazlal
Ru
Sif Muna
Trog
Uskayaw
Vehumet
Wu Jian
Xom
Yredelemnul
Zin
The Shining One

Shops:
D:8 ?

Annotations:
D:10 Snorg


Innate Abilities, Weirdness & Mutations

Your experience applies equally to all skills.
You have very sharp teeth.
You cannot study or use magical devices.
You cannot train Armour skill.
You are slightly vulnerable to magic. (MR-)
Your uncanny sense of smell can sniff out nearby items.


Message History

The hornet is stunned by your will and fails to attack.
The orc warrior closely misses you. Snorg misses you. x2
Snorg closely misses you.
You feel sick. The hornet stings you.
* * * LOW HITPOINT WARNING * * *
You are lethally poisoned!
You feel as though you will be slow longer.
The orc misses you.
You are restored by drawing out deep reserves of power within.
You feel drained.
You feel sick. You block the hornet's attack.
The orc warrior hits you with a +0 battleaxe!
The orc is stunned by your will and fails to attack.
The hornet stings you!
* * * LOW HITPOINT WARNING * * *
You feel yourself slow down.
You focus your will and slow the hornet in retribution!
Snorg bites you.
* * * LOW HITPOINT WARNING * * *
Snorg claws you!
You die...

##################
#.................
#...#...#..#..#...
#...#...#.........
#...oT.>........#
#...@yo.........#
#..#.o###..#....#
#..........#..#.#
#...............'
#...#'#####.....#
#.#.#..# .....#
#.#.#..# .....
#...#######.....
#...#####.######


You could see Snorg (very poisoned, slow), a hornet (slow), an orc warrior and 2
orcs.

Vanquished Creatures
  A two-headed ogre (D:9)
  Joseph (D:10)
  A centaur skeleton (D:10)
  A steam dragon (D:10)
  A phantom (D:8)
  An orc warrior (D:7)
  2 ice beasts
  A necrophage (D:6)
  An ogre (D:7)
  A black bear (D:8)
  3 centaurs
  5 bullfrogs
  A big kobold (D:7)
  A wyvern zombie (D:10)
  8 gnoll sergeants (Bailey)
  2 scorpions
  2 howler monkeys (D:9)
  A bullfrog zombie (D:5)
  An orc priest (D:3)
  A jelly (D:8)
  A bullfrog skeleton (D:6)
  6 gnoll shamans (Bailey)
  9 hounds
  3 orc wizards
  3 iguanas
  7 worker ants
  A hound zombie (D:7)
  A worker ant zombie (D:7)
  24 gnolls
  9 adders
  A howler monkey skeleton (D:4)
  A white imp (D:9)
  An adder skeleton (D:6)
  3 worms
  A dart slug (D:4)
  A leopard gecko (D:1)
  35 orcs
  3 bats
  2 giant cockroaches
  12 goblins
  3 hobgoblins
  12 jackals
  4 quokkas
  2 ball pythons
  5 frilled lizards
  9 kobolds
  A leopard gecko skeleton (D:5)
  A quokka zombie (D:7)
  3 rats (D:2)
200 creatures vanquished.

Vanquished Creatures (others)
  A howler monkey (D:9)
  A jelly (D:5)
  An ufetubus (D:6)
  An orc (D:7)
4 creatures vanquished.

Grand Total: 204 creatures vanquished

Notes
Turn   | Place    | Note
-------+----------+-------------------------------------------
     0 | D:5      | Reached skill level 9 in Stealth
     0 | D:5      | Lemonice the Gnoll Delver began the quest for the Orb.
     0 | D:5      | Reached XP level 1. HP: 23/23 MP: 1/1
     7 | Temple   | Entered the Ecumenical Temple
    45 | Temple   | Became a worshipper of Ru the Awakened
   105 | D:5      | Reached XP level 2. HP: 15/29 MP: 1/3
   105 | D:5      | Reached XP level 3. HP: 18/35 MP: 1/4
   275 | D:5      | Found an opulent altar of Gozag.
   290 | D:5      | Found a shimmering altar of Xom.
   304 | D:4      | Found a sacrificial altar of Ru.
   304 | D:4      | Noticed a scorpion
   317 | D:4      | Killed a scorpion
   318 | D:4      | Reached skill level 1 in Short Blades
   318 | D:4      | Reached skill level 1 in Long Blades
   318 | D:4      | Reached skill level 1 in Axes
   318 | D:4      | Reached skill level 1 in Maces & Flails
   318 | D:4      | Reached skill level 1 in Staves
   318 | D:4      | Reached skill level 1 in Slings
   318 | D:4      | Reached skill level 1 in Bows
   318 | D:4      | Reached skill level 1 in Crossbows
   318 | D:4      | Reached skill level 1 in Throwing
   318 | D:4      | Reached skill level 1 in Armour
   318 | D:4      | Reached skill level 1 in Shields
   318 | D:4      | Reached skill level 1 in Unarmed Combat
   318 | D:4      | Reached skill level 1 in Spellcasting
   318 | D:4      | Reached skill level 1 in Invocations
   318 | D:4      | Reached skill level 1 in Evocations
   318 | D:4      | Reached XP level 4. HP: 35/41 MP: 5/5
   493 | D:3      | Reached skill level 1 in Conjurations
   493 | D:3      | Reached skill level 1 in Hexes
   493 | D:3      | Reached skill level 1 in Summonings
   493 | D:3      | Reached skill level 1 in Necromancy
   493 | D:3      | Reached skill level 1 in Translocations
   493 | D:3      | Reached skill level 1 in Transmutations
   493 | D:3      | Reached skill level 1 in Fire Magic
   493 | D:3      | Reached skill level 1 in Ice Magic
   493 | D:3      | Reached skill level 1 in Air Magic
   493 | D:3      | Reached skill level 1 in Earth Magic
   493 | D:3      | Reached skill level 1 in Poison Magic
   513 | D:3      | Reached XP level 5. HP: 15/47 MP: 6/6
  1133 | D:3      | Found a burning altar of Makhleb.
  1137 | D:3      | Found a hide-covered altar of Uskayaw.
  1326 | D:3      | Reached XP level 6. HP: 25/53 MP: 8/8
  1847 | D:2      | Gained mutation: You cannot train Armour skill. [Ru
                  | sacrifice]
  1847 | D:2      | Reached * piety under Ru
  1936 | D:2      | Found a stormy altar of Qazlal.
  2173 | D:2      | Found a shimmering blue altar of Sif Muna.
  2344 | D:1      | You fall into a shaft and drop 1 floor!
  3091 | D:4      | Reached skill level 5 in Polearms
  3091 | D:4      | Reached skill level 5 in Dodging
  3484 | D:4      | Found a sparkling altar of Nemelex Xobeh.
  3682 | D:4      | Gained mutation: You are slightly vulnerable to magic.
                  | (MR-) [Ru sacrifice]
  3682 | D:4      | Reached ** piety under Ru
  3778 | D:4      | Reached XP level 7. HP: 42/59 MP: 10/10
  3963 | D:4      | Found a glowing golden altar of the Shining One.
  4340 | D:5      | HP: 2/60 [orc wizard/magic dart (4)]
  4356 | D:4      | HP: 2/60 [orc/+0 hand axe (4)]
  5455 | D:5      | Learned a level 1 spell: Animate Skeleton
  5457 | D:5      | Learned a level 1 spell: Corona
  5545 | D:6      | Reached skill level 10 in Stealth
  5702 | D:6      | Reached XP level 8. HP: 67/67 MP: 12/12
  5710 | D:6      | Found an opulent altar of Gozag.
  6017 | D:6      | You fall into a shaft and drop 2 floors!
  6139 | D:7      | Gained mutation: You cannot study or use magical devices.
                  | [Ru sacrifice]
  6139 | D:7      | Reached *** piety under Ru
  6139 | D:7      | Reached **** piety under Ru
  6139 | D:7      | Reached ***** piety under Ru
  6370 | D:6      | Found a radiant altar of Vehumet.
  6424 | D:6      | Found a glowing silver altar of Zin.
  6815 | D:7      | Found a blossoming altar of Fedhas.
  6937 | D:7      | Found a bloodstained altar of Trog.
  7393 | D:8      | Found Gonog Ebe's Magic Scroll Emporium.
  7425 | D:8      | Reached XP level 9. HP: 71/72 MP: 14/14
  7451 | D:8      | Bought a scroll of identify for 26 gold pieces
  7451 | D:8      | Bought a scroll of identify for 26 gold pieces
  7451 | D:8      | Bought a scroll of identify for 26 gold pieces
  8036 | D:8      | Got a polished whip
  8039 | D:8      | Identified the +1 whip of Byohipn {venom, rElec rF+ rN+
                  | Dex+3} (You found it on level 8 of the Dungeon)
  8212 | D:9      | Found an ornate altar of the Wu Jian Council.
  8353 | D:9      | Noticed a two-headed ogre
  8363 | D:9      | Killed a two-headed ogre
  8465 | D:9      | Found a flagged portal.
  8480 | Bailey   | Entered a bailey
  8490 | Bailey   | Reached skill level 5 in Invocations
  9149 | Bailey   | HP: 3/74 [gnoll sergeant/+0 glaive (8)]
  9419 | Bailey   | Reached XP level 10. HP: 53/80 MP: 11/17
  9502 | Bailey   | Identified the +5 glaive "Coaptoib" {drain, rC+}
 10073 | D:9      | Reached skill level 5 in Short Blades
 10073 | D:9      | Reached skill level 5 in Long Blades
 10073 | D:9      | Reached skill level 5 in Axes
 10073 | D:9      | Reached skill level 5 in Maces & Flails
 10073 | D:9      | Reached skill level 5 in Staves
 10073 | D:9      | Reached skill level 5 in Slings
 10073 | D:9      | Reached skill level 5 in Bows
 10073 | D:9      | Reached skill level 5 in Crossbows
 10073 | D:9      | Reached skill level 5 in Throwing
 10073 | D:9      | Reached skill level 5 in Shields
 10073 | D:9      | Reached skill level 5 in Unarmed Combat
 10073 | D:9      | Reached skill level 5 in Spellcasting
 10292 | D:10     | Entered Level 10 of the Dungeon
 10382 | D:10     | Noticed Joseph
 10402 | D:10     | Killed Joseph
 11090 | D:10     | Noticed Snorg
 11115 | D:10     | Slain by Snorg

Illustrated notes

Levels and vault maps discovered:
D:1:      enne_arrival_octagon_isle, layout_loops_corners
D:2:      layout_rooms, grunt_qazlal_sundering, led_sif_pool,
          ebering_dispersal_statue_hall, hangedman_decor_opposing
D:3:      layout_loops_cross, grunt_temple_overflow_open
D:4:      layout_basic, nicolae_overflow_crystal_walls, kennysheep_little_box,
          nicolae_ru_awakened_eye
D:5:      layout_basic, lemuel_doored_altar, minmay_temple_entry_stoned_glass,
          basic_altar, minmay_misc_feat_chi
D:6:      layout_basic, lemuel_coloured_pillars_altar, grunt_gozag_statues,
          kennysheep_mini_moat, minmay_misc_feat_encased
D:7:      statuecave_lemuel, layout_cave_pools, fedhas_altar_fruit_tree,
          lemuel_crystal_altar, chequers_serial_rivers_room_a
D:8:      layout_basic, serial_rivers, chequers_serial_rivers_room_b,
          chequers_serial_rivers_micro_c, chequers_serial_rivers_small_b,
          chequers_serial_rivers_micro_b, chequers_serial_rivers_large_a,
          serial_shops, shop
D:9:      layout_irregular_city, lemuel_round_altar, enter_bailey_5
D:10:     layout_stronghold, orc_0_dummy, hangedman_decor_clover_reticule,
          uniq_joseph, uniq_snorg
Temple:   jpeg_temple_island

Skill      XL: |  1  2  3  4  5  6  7  8  9 10 |
---------------+-------------------------------+-----
Stealth        | 10 | 10.8
Short Blades   | 1 2 3 4 5 |  5.3
Long Blades    | 1 2 3 4 5 |  5.3
Axes           | 1 2 3 4 5 |  5.3
Maces & Flails | 1 2 3 4 5 |  5.3
Staves         | 1 2 3 4 5 |  5.3
Slings         | 1 2 3 4 5 |  5.3
Bows           | 1 2 3 4 5 |  5.3
Crossbows      | 1 2 3 4 5 |  5.3
Throwing       | 1 2 3 4 5 |  5.3
Armour         | 1 0 |  0.0
Shields        | 1 2 3 4 5 |  5.3
Unarmed Combat | 1 2 3 4 5 |  5.3
Spellcasting   | 1 2 3 4 5 |  5.3
Invocations    | 1 2 3 4 5 |  5.8
Evocations     | 1 2 0 |  0.0
Conjurations   | 1 2 3 4 |  4.3
Hexes          | 1 2 3 4 |  4.3
Summonings     | 1 2 3 4 |  4.3
Necromancy     | 1 2 3 4 |  4.3
Translocations | 1 2 3 4 |  4.3
Transmutations | 1 2 3 4 |  4.3
Fire Magic     | 1 2 3 4 |  4.3
Ice Magic      | 1 2 3 4 |  4.3
Air Magic      | 1 2 3 4 |  4.3
Earth Magic    | 1 2 3 4 |  4.3
Poison Magic   | 1 2 3 4 |  4.3
Polearms       | 5 6 7 |  7.1
Dodging        | 5 6 7 |  7.1
Fighting       | 7 8 |  8.5

Action                   |  1- 3 |  4- 6 |  7- 9 | 10-12 || total
-------------------------+-------+-------+-------+-------++-------
Melee: Spear             |    29 |   107 |   315 |       ||   451
       Bite              |     4 |    24 |    72 |    47 ||   147
       Trident           |       |   148 |       |       ||   148
       Whip              |       |       |   130 |   165 ||   295
Throw: Boomerang         |       |       |    22 |     2 ||    24
       Throwing net      |       |       |     1 |       ||     1
 Cast: Animate Skeleton  |       |       |     1 |       ||     1
       Corona            |       |       |     1 |       ||     1
Invok: Sacrifice Essence |       |     1 |       |       ||     1
       Sacrifice Durabil |       |     1 |       |       ||     1
       Sacrifice Artific |       |       |     1 |       ||     1
       Power Leap        |       |       |     3 |     2 ||     5
       Reject Sacrifices |       |       |     1 |       ||     1
       Draw Out Power    |       |       |       |     1 ||     1
  Use: Scroll            |       |     6 |    10 |       ||    16
       Potion            |       |       |     6 |       ||     6
 Stab: Sleeping          |       |    23 |    19 |       ||    42
       Invisible         |       |       |     3 |       ||     3
       Distracted        |       |       |     4 |     1 ||     5
Armor: Leather armour    |     3 |    33 |    75 |    24 ||   135
       Ring mail         |       |    13 |       |       ||    13
Dodge: Dodged            |    15 |   124 |   245 |   100 ||   484
Block: Buckler           |       |    34 |   107 |    46 ||   187

Table legend: (Time is in decaauts)
 A = Elapsed time spent in this place.
 B = Non-inter-level travel time spent in this place.
 C = Inter-level travel time spent in this place.
 D = Time resting spent in this place.
 E = Time spent auto-exploring this place.
 F = Levels seen in this place.
 G = Mean time per level.
                   A        B        C        D        E       F      G
               +--------+--------+--------+--------+--------+-----+--------+
         Total |  11023 |  10791 |    232 |   1881 |   6553 |  12 |  918.6 |
       Dungeon |   9513 |   9281 |    232 |   1058 |   6351 |  10 |  951.3 |
        Temple |     69 |     69 |      0 |      0 |     26 |   1 |   69.0 |
        Bailey |   1440 |   1440 |      0 |    823 |    176 |   1 | 1440.0 |
               +--------+--------+--------+--------+--------+-----+--------+

Top non-repeatable levels by time:
  Bailey: 1440 daAuts
     D:3: 1382 daAuts
     D:4: 1352 daAuts
     D:5: 1318 daAuts
     D:8: 862 daAuts
     D:6: 850 daAuts
     D:7: 847 daAuts
     D:1: 820 daAuts
    D:10: 813 daAuts
     D:9: 755 daAuts
     D:2: 509 daAuts
  Temple: 69 daAuts
